 Dungeon Crawl Stone Soup version 0.23.2-1-ga50397a6bc (webtiles) character file.

Game seed: 3519452618890663424

15622 Kobolds4U the Basher (level 12, -3/112 HPs)
             Began as a Minotaur Berserker on Apr 27, 2019.
             Was a High Priest of Trog.
             Slain by Jorgrun
             ... wielding a +0 quarterstaff of crushing
              (9 damage)
             ... while petrified by Jorgrun
             ... on level 14 of the Dungeon.
             The game lasted 00:28:38 (11185 turns).

Kobolds4U the Basher (Minotaur Berserker)          Turns: 11185, Time: 00:28:38

Health: -3/112     AC: 26    Str: 23    XL:     12   Next: 2%
Magic:  11/11      EV: -1    Int:  6    God:    Trog [*****.]
Gold:   821        SH:  0    Dex: 12    Spells: 11/11 levels left

rFire    + . .     SeeInvis +   P - +2 great mace (protect)
rCold    . . .     Gourm    .   (shield currently unavailable)
rNeg     + + +     Faith    .   Q - +2 plate armour {rF+}
rPois    ∞         Spirit   .   z - +0 hat
rElec    .         Reflect  .   (no cloak)
rCorr    .         Harm     .   I - +0 pair of gloves
MR       ++...                  j - +2 pair of boots
Stlth    ..........             J - amulet of the acrobat
HPRegen  1.28/turn              b - ring of see invisible
MPRegen  0.12/turn              s - +4 ring of protection

@: petrified, grasped by roots, regenerating, constricted
A: retaliatory headbutt, horns 2
a: Berserk, Trog's Hand, Brothers in Arms, Renounce Religion


You were on level 14 of the Dungeon.
You worshipped Trog.
Trog was extremely pleased with you.
You were very hungry.

You visited 2 branches of the dungeon, and saw 15 of its levels.
You also visited: Ossuary.

You collected 1094 gold pieces.
You spent 273 gold pieces at shops.

Inventory:

Hand Weapons
 a - a +0 hand axe
 y - the +6 flail of Change {protect, rF+ Int+3}
   (You found it on level 5 of the Dungeon)

   It protects the one who uses it against injury (+AC on strike).
   It affects your intelligence (+3).
   It protects you from fire.
 O - a +2 antimagic great mace
 P - a +2 great mace of protection (weapon)
 U - a +2 dire flail of holy wrath
Missiles
 C - 5 exploding tomahawks (quivered)
 M - 6 needles of frenzy
 R - 8 tomahawks
 T - 2 poisoned javelins
Armour
 h - a +0 chain mail
 j - a +2 pair of boots (worn)
 w - the +0 pair of boots of the Aged Tables {rPois rF- Str+3}
   (You bought it in a shop on level 11 of the Dungeon)

   It affects your strength (+3).
   It makes you vulnerable to fire.
   It protects you from poison.
 z - a +0 hat (worn)
 I - a +0 pair of gloves (worn)
 Q - a +2 plate armour of fire resistance (worn)
Jewellery
 b - a ring of see invisible (left hand)
 q - an uncursed amulet of magic regeneration
 s - a +4 ring of protection (right hand)
 A - a +6 ring of intelligence
 J - an amulet of the acrobat (around neck)
 X - an uncursed ring of ice {unknown}
 Y - a +4 ring of dexterity {unknown}
Wands
 d - a wand of enslavement (4)
 m - a wand of random effects (22)
 x - a wand of flame (8)
 D - a wand of paralysis (21)
 E - a wand of scattershot (5)
 W - a wand of polymorph (8)
Scrolls
 g - 6 scrolls of remove curse
 i - 4 scrolls of fear
 k - 3 scrolls of amnesia {unknown}
 n - 3 scrolls of immolation {unknown}
 o - 4 scrolls of fog
 p - 5 scrolls of teleportation
 F - 3 scrolls of enchant armour {unknown}
 H - 2 scrolls of blinking {unknown}
 K - a scroll of magic mapping
 S - a scroll of brand weapon
Potions
 e - 11 potions of curing
 f - 5 potions of mutation
 l - 2 potions of haste
 t - a potion of agility {unknown}
 u - 3 potions of might
 v - a potion of ambrosia {unknown}
 B - 2 potions of berserk rage {unknown}
 G - a potion of lignification
 L - a potion of flight {unknown}
Comestibles
 c - 13 rations
 r - 4 chunks of flesh


   Skills:
 + Level 12.0 Fighting
 - Level 8.3(12.5) Axes
 * Level 14.6(15.3) Maces & Flails
 + Level 11.4 Armour
 - Level 2.1 Dodging


You had 11 spell levels left.
You didn't know any spells.
Your spell library was empty.

Dungeon Overview and Level Annotations

Branches:
Dungeon (15/15)            Temple (1/1) D:4            Lair (0/6) D:10
    Orc (0/2) D:9
 Vaults: D:13-14     Depths: D:15

Altars:
Ashenzari
Cheibriados
Dithmenos
Elyvilon
Fedhas
Gozag
Hepliaklqana
Kikubaaqudgha
Makhleb
Nemelex Xobeh
Okawaru
Qazlal
Ru
Sif Muna
Trog
Uskayaw
Vehumet
Wu Jian
Xom
Yredelemnul
Zin
The Shining One

Shops:
D:4 *   D:9 (   D:11 [

Annotations:
D:14 Jorgrun


Innate Abilities, Weirdness & Mutations

You reflexively headbutt those who attack you in melee.
You have a pair of horns on your head.


Message History

Your troll misses Jorgrun.
Your troll closely misses Jorgrun.
Your troll claws Jorgrun!!
The wraith hits you but does no damage.
The orc warrior hits you but does no damage.
Jorgrun casts a spell at you. The iron shot hits you!!!
* * * LOW HITPOINT WARNING * * *
The grasping roots constrict you.
Your troll misses Jorgrun.
Your troll claws Jorgrun!
Your troll claws Jorgrun.
The wraith hits you but does no damage.
Your troll misses Jorgrun. x2
Your troll barely misses Jorgrun.
The orc warrior hits you with a +0 hand axe.
* * * LOW HITPOINT WARNING * * *
Jorgrun misses your troll.
* * * LOW HITPOINT WARNING * * *
The grasping roots constrict you.
Your troll misses Jorgrun.
Your troll completely misses Jorgrun. x2
The wraith hits you but does no damage.
The orc warrior hits you but does no damage.
Jorgrun misses your troll.
You die...

#############
.........?..
...........#
...........#
...........#
........g..#
......W@T..#
......o)...#
........)..#
.......V...#
...........#
...........#
..?........#
...........#


You could see Jorgrun, a vampire, a wraith, an orc warrior and a friendly troll
(berserk).

Vanquished Creatures
  A two-headed ogre (D:11)
  An unseen horror (D:10)
  An ugly thing (D:11)
  A cyclops (D:11)
  A troll (D:10)
  3 hornets
  5 hippogriffs
  9 yaks
  A vampire (D:10)
  3 vampire mosquitoes (D:15)
  2 hungry ghosts (D:9)
  An acid dragon (D:12)
  2 water moccasins
  4 orc warriors
  3 ice beasts (D:8)
  2 black bears
  A hornet zombie (D:9)
  2 necrophages
  A sky beast (D:8)
  An eye of draining (D:9)
  2 phantoms
  3 wolves (D:10)
  11 ogres
  12 centaurs
  A crocodile (D:15)
  7 big kobolds
  10 bullfrogs
  5 scorpions
  A wyvern skeleton (D:9)
  15 killer bees
  7 wights
  6 electric eels
  5 howler monkeys
  2 centaur zombies
  5 crimson imps
  15 hounds
  A quasit (D:5)
  A bullfrog skeleton (D:5)
  4 jellies
  7 orc priests
  Jessica (D:2)
  Natasha (thrice) (D:3)
  18 orc wizards
  2 iguanas
  9 worker ants
  Terence (D:2)
  A killer bee zombie (D:8)
  2 hound zombies
  A hound skeleton (D:11)
  8 mummies (Ossuary)
  7 gnolls
  4 adders
  2 shadow imps
  2 white imps (D:8)
  A worker ant simulacrum (D:8)
  2 ufetubi (D:8)
  2 adder zombies
  2 adder skeletons (D:4)
  A worm (D:2)
  A dart slug (D:1)
  5 leopard geckos
  36 orcs
  4 giant cockroaches
  10 goblins
  11 hobgoblins
  11 jackals
  2 quokkas
  2 ball pythons
  7 bats
  3 frilled lizards
  3 gnoll zombies (Ossuary)
  2 hobgoblin zombies (Ossuary)
  51 kobolds
  2 kobold zombies (Ossuary)
  2 leopard gecko skeletons
  An orc zombie (Ossuary)
  10 rats
397 creatures vanquished.

Vanquished Creatures (collateral kills)
  Psyche (D:9)
  An ice beast (D:14)
  A bullfrog (D:9)
  An orc priest (D:14)
  An orc (D:14)
5 creatures vanquished.

Vanquished Creatures (others)
  An unseen horror (D:10)
1 creature vanquished.

Grand Total: 403 creatures vanquished

Notes
Turn   | Place    | Note
-------+----------+-------------------------------------------
     0 | D:1      | Kobolds4U the Minotaur Berserker began the quest for the
                  | Orb.
     0 | D:1      | Reached XP level 1. HP: 19/19 MP: 0/0
   215 | D:1      | Reached XP level 2. HP: 19/26 MP: 1/1
   636 | D:1      | Reached skill level 5 in Axes
   652 | D:1      | Reached XP level 3. HP: 31/31 MP: 2/2
   964 | D:2      | Noticed Jessica
   972 | D:2      | Killed Jessica
   972 | D:2      | Reached ** piety under Trog
  1046 | D:2      | Reached XP level 4. HP: 39/39 MP: 3/3
  1324 | D:2      | Noticed Terence
  1336 | D:2      | Killed Terence
  1540 | D:3      | Noticed Natasha
  1547 | D:3      | Killed Natasha
  1689 | D:3      | Reached XP level 5. HP: 45/45 MP: 4/4
  1743 | D:3      | Noticed Natasha
  1752 | D:3      | Killed Natasha
  2055 | D:3      | Noticed Natasha
  2059 | D:3      | Killed Natasha
  2072 | D:3      | Reached XP level 6. HP: 49/53 MP: 5/5
  2295 | D:4      | Found Nixuw's Lightly-Used Armoury.
  2514 | D:4      | Reached skill level 5 in Fighting
  2599 | D:4      | Found a staircase to the Ecumenical Temple.
  2605 | D:4      | Reached *** piety under Trog
  2605 | D:4      | Reached XP level 7. HP: 58/61 MP: 6/6
  2611 | Temple   | Entered the Ecumenical Temple
  2797 | D:5      | Entered Level 5 of the Dungeon
  2923 | D:5      | Got a transparent flail
  2924 | D:5      | Identified the +6 flail of Change {protect, rF+ Int+3} (You
                  | found it on level 5 of the Dungeon)
  3088 | D:5      | Reached skill level 1 in Maces & Flails
  3093 | D:5      | Reached skill level 2 in Maces & Flails
  3205 | D:5      | Reached skill level 3 in Maces & Flails
  3228 | D:5      | Reached skill level 4 in Maces & Flails
  3228 | D:5      | Reached skill level 5 in Armour
  3332 | D:5      | Reached XP level 8. HP: 71/71 MP: 7/7
  3353 | D:5      | Reached **** piety under Trog
  3423 | D:5      | Reached skill level 5 in Maces & Flails
  3668 | D:5      | Found a deep blue altar of Sif Muna.
  4061 | D:6      | Reached skill level 6 in Maces & Flails
  4386 | D:6      | Reached skill level 7 in Maces & Flails
  4828 | D:7      | Reached XP level 9. HP: 73/80 MP: 8/8
  4946 | D:7      | Found a basalt altar of Yredelemnul.
  4961 | D:7      | Reached ***** piety under Trog
  4961 | D:7      | Reached skill level 8 in Maces & Flails
  5139 | D:7      | Reached skill level 9 in Maces & Flails
  5229 | D:7      | You fall through a shaft for 2 floors!
  5249 | D:9      | Reached skill level 10 in Maces & Flails
  5269 | D:9      | Noticed Psyche
  5276 | D:9      | Killed Psyche
  5276 | D:9      | Reached XP level 10. HP: 70/91 MP: 9/9
  5598 | D:8      | Found a sand-covered staircase.
  5627 | D:8      | Reached skill level 11 in Maces & Flails
  5857 | Ossuary  | Entered an ossuary
  6059 | D:8      | Received a gift from Trog
  6576 | D:8      | Received a gift from Trog
  6643 | D:8      | Reached skill level 10 in Fighting
  7127 | D:7      | Reached skill level 12 in Maces & Flails
  7955 | D:9      | Reached XP level 11. HP: 101/101 MP: 10/10
  8007 | D:9      | Reached skill level 10 in Armour
  8077 | D:9      | Found a staircase to the Orcish Mines.
  8087 | D:9      | Found Putres's Weapon Emporium.
  8420 | D:10     | Entered Level 10 of the Dungeon
  8421 | D:10     | Noticed an unseen horror
  8440 | D:10     | Noticed an unseen horror
  8448 | D:10     | Killed an unseen horror
  8510 | D:10     | Reached skill level 13 in Maces & Flails
  9041 | D:10     | Found a staircase to the Lair.
 10101 | D:10     | Noticed an unseen horror
 10111 | D:10     | Killed an unseen horror
 10340 | D:11     | Noticed a two-headed ogre
 10356 | D:11     | Killed a two-headed ogre
 10380 | D:11     | Received a gift from Trog
 10492 | D:11     | Noticed a green ugly thing
 10500 | D:11     | Killed a green ugly thing
 10592 | D:11     | Reached skill level 14 in Maces & Flails
 10953 | D:11     | Found Qatipp's Armour Boutique.
 10963 | D:11     | Bought the +0 pair of boots of the Aged Tables {rPois rF-
                  | Str+3} for 210 gold pieces
 10963 | D:11     | Bought a +0 pair of gloves for 63 gold pieces
 11117 | D:12     | Paralysed by a hornet for 1 turns
 11138 | D:12     | You fall through a shaft for 3 floors!
 11138 | D:15     | Entered Level 15 of the Dungeon
 11163 | D:15     | Reached XP level 12. HP: 103/112 MP: 11/11
 11173 | D:14     | Noticed Jorgrun
 11184 | D:14     | HP: 5/112 [Jorgrun/+0 quarterstaff of crushing (2)]
 11185 | D:14     | Slain by Jorgrun

Skill      XL: |  1  2  3  4  5  6  7  8  9 10 11 12 |
---------------+-------------------------------------+-----
Axes           | 4 5 7 8 |  8.3
Fighting       | 4 5 6 7 9 10 11 12 | 12.0
Armour         | 3 5 6 8 9 11 | 11.4
Maces & Flails | 4 7 10 12 14 | 14.6
Dodging        | |  2.1

Action                   |  1- 3 |  4- 6 |  7- 9 | 10-12 || total
-------------------------+-------+-------+-------+-------++-------
Melee: Hand axe          |    61 |   147 |     9 |       ||   217
       Headbutt          |    11 |    26 |    46 |   113 ||   196
       Flail             |       |       |   264 |   444 ||   708
       Great mace        |       |       |       |   104 ||   104
Invok: Berserk           |     1 |     1 |     1 |       ||     3
       Trog's Hand       |       |     1 |     1 |     2 ||     4
       Brothers in Arms  |       |       |     1 |     1 ||     2
Evoke: Wand              |       |       |     2 |       ||     2
  Use: Scroll            |       |       |     2 |    12 ||    14
       Potion            |       |       |     1 |       ||     1
  Eat: Chunk             |     1 |     7 |     8 |    24 ||    40
Armor: Animal skin       |     4 |       |       |       ||     4
       Chain mail        |    22 |    82 |   248 |   129 ||   481
       Plate armour      |       |       |       |   257 ||   257
Dodge: Dodged            |    23 |    53 |   160 |   394 ||   630
